[Event "44th Indian Team Championship 2025"]
[Site "Gujarat"]
[Date "2025.03.05"]
[Round "1.19"]
[White "Sai Agni Jeevitesh, J."]
[Black "Saikat Nath"]
[Result "1-0"]
[Annotator "TA"]
[ECO "D05"]
[WhiteElo "2312"]
[BlackElo "1888"]
[PlyCount "123"]
[EventDate "2025.03.03"]
[EventCountry "IND"]
[SourceTitle "playchess.com"]
[Source "ChessBase"]
[SourceQuality "1"]
[TimeControl "5400+30"]

1. d4 Nf6 2. Nf3 e6 3. e3 d5 4. Bd3 c5 5. b3 cxd4 6. exd4 Be7 7. O-O Nc6 8. Bb2 Nb4 {[%emt 0:00:36] D05: Colle System with ...e6.} 9. Be2 Ne4 10. c4 O-O {[%emt 0:04:19] White is slightly better.} 11. c5 $146 ({White should play} 11. a3 $14 Nc6 12. Qc2) (11. Nbd2 f5 12. Ne5 Nc6 13. Nxc6 bxc6 14. Nf3 Bd6 15. Ne5 Qh4 16. f3 Ng5 17. Qe1 Qxe1 18. Rfxe1 Bxe5 19. dxe5 {1-0 Legky,N (2443)-Larand,M (1948) Les Sables d'Olonneop 4th 2017 (7)}) 11... a5 $11 12. Nc3 b6 13. Na4 bxc5 14. dxc5 Ba6 (14... Bxc5 15. Nxc5 Nxc5 16. a3 $14 (16. Qd4 Qf6 $15)) (14... Nxc5 $5 15. Nxc5 Bxc5 $15) 15. a3 Bxe2 16. Qxe2 Nc6 17. Nd4 Nxd4 18. Bxd4 e5 19. Bxe5 Nxc5 20. Nxc5 Bxc5 21. Qg4 f6 22. Bd4 Bxd4 23. Qxd4 Qd6 24. Rfd1 Rfd8 25. g3 Rab8 26. Qa4 Qd7 27. Qxa5 Rxb3 28. Rd4 Rb5 29. Qa6 Qb7 30. Qe6+ Qf7 31. Qe2 Rdb8 32. a4 Rb1+ (32... Ra5 $1 $14) 33. Rxb1 $18 Rxb1+ {[%emt 0:00:09][%mdl 4096] Endgame KQR-KQR} 34. Kg2 $1 Rb8 35. a5 Rd8 36. a6 Rd7 $2 (36... h6 37. Qb5 Kh7 38. Qd3+ f5) 37. Qb5 $2 (37. Rb4 {White wants to mate with Rb8+.} h6 38. Qc2) 37... g6 $2 (37... h6 38. Rb4 Kh7) 38. Ra4 (38. Rb4 $142 Rd8 39. Qb8) 38... Kg7 39. Rb4 Kh6 40. Rd4 Kg7 41. Qc6 Qe7 {[%emt 0:01:15] [#] Inhibits Rb4.} 42. Rb4 $3 Kh6 43. Qc1+ Kg7 $2 (43... g5 44. Qc3 Kg7) 44. Qb2 Kh6 (44... d4 $142 45. Rxd4 Rc7) 45. h4 (45. Rb7 $142 {Threatens to win with Rxd7.} f5 46. Qd2+ g5 47. h4) 45... Qe6 46. Qc1+ g5 47. hxg5+ fxg5 48. Rb7 Qe4+ 49. Kh2 (49. Kg1 $142 Rd6 50. a7) 49... Rd6 50. Qc7 (50. a7 $142 Qe2 51. Rxh7+ (51. a8=B Qxf2+ 52. Kh3 Qf5+ 53. Kg2 Qe4+ 54. Kh2 Qe2+ 55. Kg1 Qd3 $16) 51... Kxh7 52. Qc7+ (52. a8=B Qxf2+ 53. Kh3 Rh6+ 54. Kg4 Qe2+ 55. Kf5 Qe6+ 56. Kxg5 Rg6+ 57. Kh5 Qh3#) 52... Rd7 53. Qxd7+ (53. a8=Q Qxf2+ 54. Kh3 Qf5+ 55. Kh2 Rxc7 56. Qa4 Rc2+) 53... Kg6 54. Qd6+ (54. a8=B Qxf2+ 55. Kh3 Qf1+ 56. Kh2 Qf2+ 57. Kh3 Qf1+ 58. Kh2 Qf2+ $11) 54... Kg7 55. Qc7+ (55. a8=B Qxf2+ 56. Kh3 Qf5+ 57. Kg2 Qc2+ 58. Kf3 Qd1+ 59. Ke3 Qc1+ 60. Kd3 Qc4+ 61. Kd2 Qa2+ 62. Ke3 Qxa8 $11) 55... Kf6 56. Qd8+ (56. a8=B Qxf2+ 57. Kh3 Qf1+ 58. Kh2 Qf2+ 59. Kh3 Qf1+ 60. Kh2 Qf2+ $11) (56. Qc6+ Kg7 $18) 56... Qe7 57. a8=Q (57. a8=R Qxd8 58. Rxd8 g4 $18) 57... Qxd8 58. Qxd8+ Ke5 59. Qxg5+ Ke6 60. Qe3+ Kd7 61. g4) 50... Rxa6 51. Qg7+ Kh5 52. Qf7+ (52. Qxh7+ Qxh7 53. Rxh7+ Kg6 $16) 52... Qg6 53. Qf3+ (53. Qxh7+ Qxh7 54. Rxh7+ Kg6 $11) 53... Kh6 {[%emt 0:00:01] [#]} 54. Qf8+ $2 (54. Qxd5 Rb6 $14) (54. g4 $1 {mates} Qg7 55. Qh3+ (55. Rxg7 Kxg7 56. Qe3 Rg6 $18) 55... Kg6 56. Qd3+ (56. Rxg7+ Kxg7 57. Qc3+ Kf7 $18) 56... Kh6 57. Qxa6+ Qg6 58. Qa3 (58. Qxg6+ Kxg6 59. Rb6+ Kf7 $18) 58... Qh5+ 59. gxh5) 54... Kh5 $11 55. Rg7 Rf6 56. Qe7 (56. Rxh7+ $1 $11 Qxh7 57. Qxf6) 56... Re6 $2 (56... Rxf2+ $17 57. Kg1 Qf6 58. Rxh7+ Kg4 59. Qb4+ (59. Qd7+ $2 Rf5 $19) 59... d4 (59... Kxg3 $2 {perishes.} 60. Qe1 $18)) 57. Qd7 $18 ({Worse is} 57. Rxh7+ Kg4 58. Qd7 Kf3 $11) 57... Qf5 {[%emt 0:00:37] [#]} (57... Qe8 58. Qxd5 (58. Rxh7+ Kg6 $18) 58... Rg6) 58. Rf7 $1 (58. Rxh7+ Kg4 59. Rf7 Rh6+ 60. Kg2 Qxd7 61. f3+ (61. Rxd7 Rb6 $16) 61... Kh5 62. Rxd7 Rb6 $16) 58... Qe5 59. Rxh7+ {[%emt 0:00:10] White mates.} Kg4 60. Rh6 Kf5 61. Qh7+ Kg4 62. Rxe6 {[%emt 0:00:07] Weighted Error Value: White=0.55/Black=1.00  Loses game:     	---       	Black=1      Mistake:       	White=4     	Black=6      Inaccurate:     	White=1     	Black=5      OK:         	White=18    	Black=13     Best:        	White=3     	Black=3      Strong:       	White=1     	---} 1-0

[Event "44th Indian Team Championship 2025"]
[Site "Gujarat"]
[Date "2025.03.05"]
[Round "1.20"]
[White "Mayank Sharma Nandkishore"]
[Black "Nithik Reddy Bhavanam"]
[Result "1-0"]
[Annotator "NA RC"]
[ECO "D02"]
[WhiteElo "1843"]
[BlackElo "2021"]
[PlyCount "103"]
[EventDate "2025.03.03"]
[EventCountry "IND"]
[SourceTitle "playchess.com"]
[Source "ChessBase"]
[SourceQuality "1"]
[TimeControl "5400+30"]

1. d4 Nf6 2. Nf3 e6 3. Bf4 d5 4. e3 c5 5. c3 Nc6 6. Nbd2 cxd4 7. exd4 Nh5 8. Bg5 Be7 9. Bxe7 Qxe7 10. Bb5 g6 11. Ne5 Bd7 12. Nxd7 Qxd7 13. Nf3 O-O 14. O-O Qd6 15. Re1 a6 16. Bd3 f6 17. g3 Rad8 18. a4 e5 19. Qb3 Kh8 20. Be2 e4 21. Nh4 Ng7 22. Qxb7 g5 23. Qxg7+ Kxg7 24. Nf5+ Kf7 25. Nxd6+ Rxd6 26. b4 Nb8 27. b5 Rc8 28. Ra3 a5 29. Bg4 Rc7 30. f3 exf3 31. Bh5+ Kg7 32. Re8 Nd7 33. Re1 Nb8 34. Re8 Nd7 35. Re7+ Kh6 36. Bg4 Kg6 37. Bxf3 Rc8 38. g4 Rf8 39. c4 dxc4 40. Be4+ f5 41. Bxf5+ Rxf5 42. gxf5+ Kxf5 43. Rf3+ Kg4 44. Kg2 Nf6 45. Rc7 Nd5 46. h3+ Kh5 47. Rxc4 Nf4+ 48. Kf2 Rf6 49. Rc6 Rf8 50. b6 Nxh3+ 51. Kg3 Nf4 52. Rf2 1-0

[Event "44th Indian Team Championship 2025"]
[Site "Gujarat"]
[Date "2025.03.05"]
[Round "1.21"]
[White "Ashutosh, Kumar"]
[Black "Sherla Prathamesh"]
[Result "0-1"]
[Annotator "TA"]
[ECO "C03"]
[WhiteElo "1871"]
[BlackElo "2131"]
[PlyCount "136"]
[EventDate "2025.03.03"]
[EventCountry "IND"]
[SourceTitle "playchess.com"]
[Source "ChessBase"]
[SourceQuality "1"]
[TimeControl "5400+30"]

1. e4 e6 2. d4 d5 3. Nc3 Be7 4. Nf3 Nf6 5. Bd3 c5 6. dxc5 dxe4 7. Nxe4 Nxe4 {[%emt 0:00:06] C03: French Tarrasch: Unusual Black 3rd moves.} 8. Bxe4 {[%emt 0:00:15] aiming for Qxd8+.} Qxd1+ 9. Kxd1 Bxc5 {[%emt 0:00:05] The position is equal.} 10. Be3 Bxe3 11. fxe3 Nd7 12. c4 Nc5 13. Bc2 a5 14. Ke2 Ke7 $146 (14... f6 15. Nd2 b6 16. Ne4 Ba6 17. b3 Ke7 18. Rhd1 Nxe4 19. Bxe4 Rac8 20. Rd2 f5 {½-½ Nurbekoglu,M (2085)-Wenzel,J (2109) Regionalliga SO 0203 2002 (8.2)}) 15. Rhd1 f6 16. b3 e5 {[%emt 0:01:38] Hoping for ...e4.} 17. Kd2 Bd7 18. Kc3 Bc6 19. a3 Ne4+ 20. Kb2 Rhd8 21. Rxd8 Rxd8 22. Rd1 {[%emt 0:00:22] Wards off Nd2} Rxd1 23. Bxd1 $11 {[%emt 0:00:02][%mdl 4096] Endgame KBN-KBN} Nf2 24. Kc1 g5 25. Bc2 Ng4 26. Kd2 h5 27. e4 Kd6 28. b4 b6 29. h4 gxh4 30. Nxh4 Nh6 31. Ke3 Ke6 32. Bb3 Ng4+ 33. Kf3 Nh2+ 34. Ke3 Nf1+ 35. Kd3 axb4 (35... Bxe4+ $1 $15 36. Ke2 Ng3+ 37. Kf2 Nf5 (37... Nh1+ 38. Ke3 $15) 38. c5+ Kd7 39. Nxf5 Bxf5 40. Ba4+ (40. cxb6 axb4 41. Ba4+ Kc8 $17) 40... Kc7) 36. c5+ (36. axb4 Bxe4+ 37. Ke2 (37. Kxe4 Nd2+ 38. Kd3 Nxb3 $17) 37... Ng3+ 38. Kf2 Nf5 (38... Nh1+ 39. Kg1 $15) 39. Nxf5 (39. c5+ Kd7 $15) 39... Bxf5 $15 (39... Kxf5 40. g3 $15)) 36... Kd7 37. axb4 (37. cxb6 bxa3 38. Kc3 Bxe4 $15) 37... bxc5 38. bxc5 Bxe4+ 39. Kxe4 Nd2+ 40. Kf5 Nxb3 41. Kxf6 {[%emt 0:01:21] KN-KN} e4 (41... Nxc5 {simplifies} 42. Kxe5 Ke7 43. Ng6+ Kf7) 42. Ke5 e3 43. Nf3 e2 44. Kf4 Nd4 {[%emt 0:00:42] ( -> ...Nxf3)} 45. Ne1 Kc6 46. Nd3 Nc2 47. Kg5 Kb5 (47... e1=R 48. Nxe1 Nxe1 49. g3) 48. Kxh5 (48. c6 $11 Kxc6 (48... e1=R 49. Nxe1 Nd4 50. Kxh5 $11) 49. g4) 48... Kc4 $15 (48... e1=Q 49. Nxe1 Nxe1 50. g4 $11) (48... e1=B 49. g4 $11) (48... e1=R 49. Nxe1 Nxe1 50. g4 $11) 49. c6 Kxd3 $17 {[%emt 0:00:41] KN-KPP} 50. c7 e1=Q {[%emt 0:00:10] ( -> ...Qa5+)} ({Worse is} 50... e1=R 51. c8=Q (51. c8=B $2 {is the wrong capture.} Re5+ 52. Kg6 Kd4 $19) 51... Ne3 52. g4 $18) 51. c8=Q Qe5+ 52. Kh4 Ne3 53. g4 ({Better is} 53. Qh3) 53... Ng2+ (53... Qh2+ $2 54. Kg5 Qe5+ 55. Kg6 Qe4+ 56. Kf7) 54. Kh3 Nf4+ 55. Kh4 Ng6+ 56. Kh3 Qe3+ 57. Kh2 Qf2+ 58. Kh1 Qe1+ 59. Kh2 Qe5+ (59... Ne7 $17 60. Qd7+ Kc4) 60. Kh1 (60. Kh3 $1 $11) 60... Qd5+ 61. Kh2 {[%emt 0:00:25] [#]} Qd6+ $1 62. Kh1 Nf4 {[%emt 0:00:32] ( -> ...Qd5+)} 63. Qb7 Ke3 {[%emt 0:02:19] ( -> ...Qd1+) Against Qf3+} 64. Qb3+ Kf2 {[%emt 0:01:21] ( -> ...Qh6+)} 65. Qc2+ $2 {[%emt 0:00:30][%mdl 8192] [#] Now White is beyond hope.} (65. Qa2+ $17 Kg3 66. Qh2+ Kf3 67. Qb2) 65... Kg3 {[%emt 0:01:22] Black mates.} 66. g5 Qd5+ 67. Kg1 Qd4+ 68. Kf1 Qa1+ {[%emt 0:00:06] Weighted Error Value: White=0.14 (very precise) /Black=0.11 (very precise)   Loses game:     	White=1     	---        Mistake:       	White=3     	Black=2      Inaccurate:     	White=4     	Black=4      OK:         	White=17    	Black=28     Best:        	White=8     	Black=4} 0-1

[Event "44th Indian Team Championship 2025"]
[Site "Gujarat"]
[Date "2025.03.05"]
[Round "1.22"]
[White "Sharnarthi Viresh"]
[Black "Piyush Kumar"]
[Result "1-0"]
[Annotator "TA"]
[ECO "A49"]
[WhiteElo "2198"]
[BlackElo "1835"]
[PlyCount "145"]
[EventDate "2025.03.03"]
[EventCountry "IND"]
[SourceTitle "playchess.com"]
[Source "ChessBase"]
[SourceQuality "1"]
[TimeControl "5400+30"]

1. Nf3 Nf6 2. g3 g6 3. b3 Bg7 4. Bb2 O-O 5. Bg2 d6 6. d4 c6 7. O-O Bg4 8. Nbd2 a5 {[%emt 0:01:49] A49: 1 d4 Nf6 2 Nf3 g6 3 g3: Anti-King's Indian systems.} 9. a3 Re8 $146 (9... Nbd7 10. h3 Bxf3 11. Nxf3 Re8 12. Re1 e5 13. dxe5 Nxe5 14. c4 Qc7 15. Qc2 Nxf3+ 16. Bxf3 {0-1 Kiremitciyan,A (2281)-Thake,C (1773) Titled Tuesday intern op 14th Nov Early blitz 2023 (1)}) 10. h3 Bxf3 {[%emt 0:00:12] The position is equal.} 11. Bxf3 Nbd7 12. e4 e5 13. Re1 Qc7 14. Nc4 b5 (14... exd4 {with more complications.} 15. Qxd4 Re6 16. a4 Ne8) 15. dxe5 dxe5 16. Ne3 Nc5 17. Nf1 Nfd7 18. Bc1 a4 19. b4 Ne6 20. Bg4 Nb6 21. Bxe6 Rxe6 22. Qe2 Rd8 {[%emt 0:00:39] Black plays in the center} 23. Be3 Nc4 24. Bg5 Rd4 (24... Bf6 $17 25. Bh6 Bg7) 25. c3 $11 Rd7 26. Ne3 Nd6 27. Nc2 f5 28. exf5 gxf5 29. Ne3 Rg6 $36 {[%emt 0:06:10][%mdl 2048] Keeping White busy.} 30. Qh5 Rf7 (30... Ne4 31. Bh4 f4 (31... Nxc3 32. Nxf5 Nd5 33. Nxg7 $16) 32. Nf5 $16) 31. Ng2 Ne4 32. Rxe4 fxe4 $17 33. Be3 Rd6 34. Rc1 (34. Nh4 $17) 34... Qd7 $19 35. Ne1 {[%emt 0:03:44] [#]} Rd2 $1 36. Ng2 (36. Ra1 Rb2) 36... Rd3 37. Kh2 Qe6 38. Qh4 Qd5 39. Qg4 Rf3 40. h4 Rf6 41. h5 h6 42. Bc5 Qf7 43. Rc2 (43. Be3 $142) 43... Rf5 44. Nh4 Rxh5 45. Qxe4 $2 (45. Be3 $17 {was necessary.}) 45... Qf3 (45... Qc4 $142 46. Qxc4+ bxc4) 46. Qxf3 Rxf3 47. Be3 e4 {[%emt 0:00:50] ...Bf6 is the strong threat.} 48. Kg2 Rf7 49. c4 Rd7 50. Ng6 Rd3 $2 (50... Kf7 $19 51. Nf4 Rf5 52. cxb5 cxb5) 51. g4 $11 Rxe3 52. fxe3 {[%emt 0:00:33][%mdl 4096] Endgame KRB-KRN} Rg5 53. Ne7+ Kh7 54. Nxc6 {[%emt 0:00:37] Threatens to win with c5.} bxc4 55. Rxc4 Bb2 56. Rxe4 Bxa3 57. Re7+ (57. Kf3 $16) 57... Kg8 (57... Rg7 $11 58. Re4 Bc1) 58. Ra7 Bxb4 $1 59. Rxa4 Bd2 60. Kf3 h5 61. gxh5 Rxh5 62. e4 Kf7 63. Ra7+ Kf6 64. Rd7 Bc3 65. Rd6+ Kf7 66. Kg4 Rh1 67. Rd3 Bf6 68. e5 Rh4+ (68... Rc1 $11) 69. Kf5 $14 {[%emt 0:00:09] White has more active pieces.} Rh5+ 70. Ke4 $1 Be7 $2 {[%emt 0:00:19][%mdl 8192] [#]} (70... Bxe5 $14 71. Nxe5+ Ke6) 71. Rd7 {[%emt 0:00:06] White mates.} Rh6 72. Rxe7+ Kf8 73. Rc7 {[%emt 0:00:34] White used his chance.   Weighted Error Value: White=0.24 (precise) /Black=0.27 (precise)   Loses game:     	White=1     	Black=1      Missed win:     	---       	Black=1      Mistake:       	White=4     	Black=4      Inaccurate:     	White=5     	Black=4      OK:         	White=14    	Black=25     Best:        	White=6     	Black=3      Strong:       	White=1     	Black=1} 1-0

[Event "44th Indian Team Championship 2025"]
[Site "Gujarat"]
[Date "2025.03.05"]
[Round "1.23"]
[White "Md Tabsheer Alam"]
[Black "Jain, Kushagra"]
[Result "1/2-1/2"]
[Annotator "TA"]
[ECO "B90"]
[WhiteElo "1794"]
[BlackElo "2138"]
[PlyCount "154"]
[EventDate "2025.03.03"]
[EventCountry "IND"]
[SourceTitle "playchess.com"]
[Source "ChessBase"]
[SourceQuality "1"]
[TimeControl "5400+30"]

1. e4 c5 2. Nf3 d6 3. d4 cxd4 4. Nxd4 Nf6 5. Nc3 a6 6. h3 e5 7. Nf3 {[%emt 0:00:08] 7.Nb3 is becoming the main line. B90: Sicilian Najdorf: Unusual White 6th moves, 6 Be3 Ng4 and 6 Be3 e5.} b5 8. Bg5 Be6 $146 (8... Nbd7 $11) (8... Be7 9. Bxf6 Bxf6 10. a4 bxa4 11. Rxa4 O-O 12. Bc4 Nd7 13. Bd5 Rb8 14. Ra2 Be7 {1-0 Rogic,D (2431)-Culum,S (2349) EU-ch Rapid Zagreb 2023 (9)}) 9. a4 {[%emt 0:10:14] White is better. White is more active.} b4 {[%emt 0:24:36] [#]} 10. Nd5 (10. Bxf6 $1 $16 Qxf6 11. Nd5) 10... Nbd7 $11 11. Bc4 Be7 12. Nxf6+ Nxf6 13. Qd3 O-O 14. Bxf6 Bxf6 15. O-O Bxc4 16. Qxc4 Qb6 17. a5 Qb7 18. Rfd1 Rac8 19. Qd3 Rfd8 20. Ra2 (20. c3 $11 {remains equal.}) 20... Rc5 (20... Rxc2 $17 21. Qxc2 b3) 21. Nd2 (21. b3 $15 {deserves consideration.}) 21... Qc6 ({Black should try} 21... Qc8 $17 {[%cal Od6d5] aiming for ...d5!.} 22. Qb3 Rxc2) 22. b3 Rc3 (22... d5 $17 23. Nf3 h6 (23... dxe4 24. Qxd8+ Bxd8 25. Rxd8+)) 23. Qd5 $15 Rxc2 24. Qxc6 Rxc6 25. Nc4 Kf8 26. Ra4 Rb8 27. Nb6 (27. Rxd6 Rxd6 28. Nxd6 Be7 $17) 27... Ke8 {[%emt 0:00:20] Dodges Nd7} 28. Rxb4 Bd8 29. Rc4 Rxc4 30. Nxc4 Rxb3 31. Rxd6 $11 {[%emt 0:01:47][%mdl 4096] Endgame KRB-KRN} (31. Nxd6+ $5 Kf8 32. Nxf7 Bxa5 33. Nxe5 $14) 31... Rb4 32. Rc6 f6 33. Nd6+ Kd7 34. Rxa6 Ra4 (34... Bxa5 35. Nf5 Rb1+ 36. Kh2 $16) 35. Nb7 Ra1+ {[%emt 0:00:22][%mdl 1024] Black has compensation.} 36. Kh2 Bc7 $2 {[%emt 0:00:36] Prevents Rd6+.} (36... Be7 $11 {and Black is okay.}) 37. Nc5+ $18 Ke7 38. Re6+ Kf7 39. a6 Bd8 40. Rc6 Ra2 41. Nb7 (41. Ne6 $18 Be7 42. Nc7) 41... Be7 $14 42. Kg3 (42. Rb6 $14) 42... Ra3+ $11 43. f3 Ra2 $2 (43... Ke8 $1 $11) 44. Nd6+ $18 Bxd6 45. Rxd6 {[%emt 0:00:05] KR-KR. White is a pawn up.} g5 46. h4 $2 ({Better is} 46. Rd7+ $18 Kg6 47. a7) 46... gxh4+ $11 47. Kxh4 Rxg2 48. Rd7+ Ke6 $2 (48... Kg6 $11) 49. a7 $18 (49. Rxh7 $2 {perishes.} Rh2+ 50. Kg3 Rxh7 $19) 49... Rh2+ {[%emt 0:00:53] [#]} 50. Kg3 $1 Ra2 51. Rxh7 Ra1 52. Kg4 (52. Kh4 $142 Rh1+ 53. Kg4) 52... Ra2 $2 (52... f5+ 53. exf5+ Kf6 54. Rh6+ Kg7) 53. Kh5 Ra1 54. Kg6 Rg1+ 55. Kh6 Ra1 56. Rb7 f5 57. Kg7 fxe4 58. fxe4 Ra2 59. Kf8 $2 (59. Rb6+ $18 Ke7 60. Rf6 Rg2+ 61. Kh7) 59... Kf6 $1 $11 {[%emt 0:00:22] The position is equal.} 60. Ke8 Kg5 61. Rf7 Kg6 62. Re7 Kf6 {[%emt 0:00:14] Against Re6+} 63. Kd8 Ra1 64. Rb7 Kg5 $1 65. Rf7 {[%emt 0:00:54] Kc8 would kill now.} Kg6 $1 66. Rc7 Kg5 $1 67. Rf7 {[%emt 0:00:36] and Kc8 should not be overlooked} Kg6 $1 68. Ke8 Ra2 69. Kf8 Ra1 70. Rb7 Kg5 71. Rf7 Kg6 72. Rg7+ Kf6 73. Kg8 Ra2 74. Rh7 Kg6 75. Rf7 Ra1 76. Kf8 Ra2 77. Ke8 Ra1 {[%emt 0:00:33] Blacks defense is rewarded with a draw.   Weighted Error Value: White=0.37/Black=0.51  Loses game:     	---       	Black=3      Missed win:     	White=2     	---        Mistake:       	White=5     	Black=4      Inaccurate:     	White=4     	Black=3      OK:         	White=15    	Black=22     Best:        	White=6     	Black=7      Strong:       	---       	Black=4} 1/2-1/2

[Event "44th Indian Team Championship 2025"]
[Site "Gujarat"]
[Date "2025.03.05"]
[Round "1.24"]
[White "Gaikwad Manas"]
[Black "Divyanshu Kumar Singh"]
[Result "0-1"]
[Annotator "TA"]
[ECO "B94"]
[WhiteElo "2179"]
[BlackElo "1756"]
[PlyCount "102"]
[EventDate "2025.03.03"]
[EventCountry "IND"]
[SourceTitle "playchess.com"]
[Source "ChessBase"]
[SourceQuality "1"]
[TimeControl "5400+30"]

1. e4 c5 2. Nf3 d6 3. d4 cxd4 4. Nxd4 Nf6 5. Nc3 a6 6. Bg5 Nbd7 7. Bc4 Qb6 {[%emt 0:00:14] B94: Sicilian Najdorf: 6 Bg5 Nbd7.} 8. Bb3 e6 9. Qd2 Be7 {[%emt 0:00:05] The position is equal.} 10. O-O-O Nc5 $1 11. f3 Qc7 12. Kb1 b5 13. a3 O-O {[%emt 0:00:06] 13...Rb8 is the modern continuation.} 14. g4 Rb8 15. h4 b4 (15... Bd7 {simplifies} 16. h5 Rfc8 17. Bxf6 Bxf6 18. g5 Be7) 16. axb4 Rxb4 17. Bxf6 Bxf6 18. Nd5 $1 exd5 19. Qxb4 dxe4 20. g5 Be5 21. Bd5 $146 ({Predecessor:} 21. fxe4 Bg4 22. Bd5 Bxd1 23. Rxd1 Rb8 24. Qa3 Qd7 25. Ka2 Ne6 26. Bxe6 fxe6 27. Qxa6 Qe8 28. Qc4 Rc8 29. Qb3 Rb8 30. Qc4 Rc8 31. Qb3 {½-½ Albornoz Cabrera,C (2579)-Rodshtein,M (2600) Olympiad-45 Budapest 2024 (8.1)}) 21... a5 (21... Be6 $1 $11 22. fxe4 Rb8) 22. Qd2 (22. Qa3 $16) 22... Bb7 {[%emt 0:11:57] [#] Inhibits Nc6.} (22... Qb6 $1 $11) 23. Bxb7 (23. f4 $1 $16 ) 23... Qxb7 $11 24. f4 $1 $132 {[%emt 0:00:34][%mdl 2048] [#] White has counterplay} (24. Qxa5 $2 Rb8 (24... exf3 25. Qb5 $15) 25. Qa3 Na4 $19) 24... Rb8 $1 25. Nb3 $1 (25. fxe5 $2 Qxb2#) (25. b3 $2 Bxd4 26. Rh3 (26. Qxd4 $2 Nxb3 27. Qc3 Nd2+ 28. Kc1 Nf3 $19) 26... Nd3 $19) 25... a4 (25... Nxb3 $2 26. cxb3 Bxb2 27. Qxb2 $18) 26. fxe5 axb3 27. cxb3 (27. exd6 e3 28. Qe2 Na4 $19 (28... bxc2+ $2 29. Qxc2 e2 30. Rde1 $19)) 27... Nd3 (27... dxe5 28. Qd8+ Rxd8 29. Rxd8#) (27... Nxb3 28. Qxd6 (28. Qd5 Qxd5 29. Rxd5 dxe5 $16) 28... h6 (28... e3 29. Qd8+ Rxd8 30. Rxd8#) 29. e6 (29. gxh6 e3 $11) 29... fxe6 30. gxh6 $18 (30. Qxe6+ Kh8 $18)) 28. exd6 Qxb3 29. d7 {[%emt 0:00:04][%cal Oh1e1] Hoping for Rhe1!.} Ra8 {[%emt 0:07:25] ( -> ...Qa2+) Dancing on a razor blade.} 30. d8=Q+ Rxd8 {[%emt 0:02:23][%csl Od3] Strong Square Black (d3) Black is more active.} 31. Qc2 {[%emt 0:00:10] White is weak on the light squares} (31. Rhe1 $11 {keeps the balance.} Rf8 32. Re3 (32. Rxe4 $2 Nxb2 33. Qc2 Qb7 $19)) 31... Qxc2+ ({Black should try} 31... Qd5 $17 {Hoping for ...Ra8.} 32. Rh3 Ra8 33. Rhxd3 Qa2+ (33... exd3 34. Rxd3 Qa2+ 35. Kc1 $17) 34. Kc1 exd3 35. Rxd3 Qa1+ 36. Kd2 Rb8) 32. Kxc2 $17 {[%emt 0:00:02][%mdl 4096] Endgame KRR-KRN} Rc8+ 33. Kb1 f5 34. gxf6 gxf6 35. Rhf1 Kf7 36. Rd2 Ke6 {[%emt 0:03:01][%mdl 1024] Black has compensation.} 37. Rc2 $1 Rf8 38. Rc4 Ke5 39. Ra4 (39. Kc2 $15) 39... f5 $19 40. Ra5+ $2 {[%emt 0:00:15] [#]} (40. Rg1 {is a better chance.}) 40... Kd4 $1 (40... Ke6 41. Rg1 $11 (41. Ra6+ Ke5 $11)) 41. Kc2 f4 42. Kd2 (42. Ra7 $142 f3 43. b4) 42... e3+ 43. Kd1 Nxb2+ $2 (43... f3 $1 $19 {( -> ...e2+)} 44. Ra4+ Ke5 45. Rxf3 Nxb2+ (45... Rxf3 $2 46. Ke2 $19) 46. Ke2 Rxf3 47. Kxf3 Nxa4 48. Kxe3 Kf5) 44. Ke2 $11 Ke4 45. Rb5 $2 ({But not} 45. Rf3 $2 Rd8 46. Rh3 Rd2+ 47. Kf1 Nd3 (47... f3 48. Rxf3 Kxf3 49. Rf5+ Ke4 50. Rg5 e2+ 51. Ke1 Nd3+ 52. Kxd2 e1=Q+ 53. Kc2 Qc1+ 54. Kb3 Qb2+ 55. Kc4 Qb4#) 48. Ra4+ Kf5 $19) (45. Ra7 $11) 45... Nd3 $19 {[%emt 0:01:47] ( -> ...f3+)} 46. Ra1 f3+ {[%emt 0:00:24] Black mates.} 47. Kd1 f2 48. Ke2 Nf4+ 49. Kf1 Kf3 50. Ra2 Rd8 51. Rb1 Rd3 {[%emt 0:00:28] Weighted Error Value: White=0.60/Black=0.20 (precise)   Loses game:     	White=1     	---        Mistake:       	White=6     	Black=3      Inaccurate:     	White=3     	Black=1      OK:         	White=11    	Black=13     Best:        	White=3     	Black=6      Strong:       	White=4     	Black=2} ({Not} 51... e2+ 52. Rxe2 Nxe2 53. Rb3+ Kg4 54. Kxe2 $11) 0-1

[Event "44th Indian Team Championship 2025"]
[Site "Gujarat"]
[Date "2025.03.06"]
[Round "2.1"]
[White "Samarth Sreeni Warrier"]
[Black "Nitin, S.."]
[Result "1-0"]
[Annotator "TA"]
[ECO "E90"]
[WhiteElo "1913"]
[BlackElo "2349"]
[PlyCount "69"]
[EventDate "2025.03.03"]
[EventCountry "IND"]
[SourceTitle "playchess.com"]
[Source "ChessBase"]
[SourceQuality "1"]
[TimeControl "5400+30"]

1. d4 Nf6 2. Nf3 g6 3. c4 Bg7 4. Nc3 O-O 5. e4 d6 6. h3 Na6 7. Bg5 Qe8 8. Be2 e5 9. d5 Nh5 10. g3 {[%emt 0:01:23] E90: King's Indian: Classical: Early deviations and 6 h3.} h6 11. Be3 f5 ({Black should play} 11... Nf6) 12. exf5 $16 {[%emt 0:00:10] White is better.} gxf5 13. Nh4 $1 Nf6 14. Rg1 {[%emt 0:08:03] White is much more active.} Nc5 $146 (14... Bd7 15. Qd2 Kh7 16. a3 Nc5 17. Qc2 e4 18. g4 fxg4 19. hxg4 Nxg4 20. Bxc5 dxc5 21. Bxg4 Bxg4 22. Rxg4 Bd4 23. Rxe4 {1-0 Moreira,R (2057)-Dibai,J (1678) Pocos de Caldas op 2018 (1)}) 15. Qc2 $1 Nh7 (15... Nfe4 $16) 16. g4 $18 fxg4 17. Bxg4 (17. hxg4 $6 e4 $16) 17... Rf4 $2 (17... Ng5 18. b4 Na6) 18. Bxf4 exf4+ 19. Kf1 Bxg4 20. Rxg4 ({Not} 20. hxg4 Nd7 21. Nf5 Ng5 $18) 20... Ng5 (20... Nf6 $142 21. Rxf4 (21. Re1 Qh5 $18) 21... Nh5) 21. Re1 Qf7 22. Ng6 Re8 {[%emt 0:03:26] Repels Re7} 23. Rxe8+ (23. Nxf4 Rxe1+ 24. Kxe1 Nf3+ 25. Kd1 Ne5 $11 (25... h5 26. Rxg7+ Qxg7 27. Nce2 $16)) 23... Qxe8 24. Rxf4 {[%emt 0:03:30] Strongly threatening h4.} Nxh3 25. Rf3 Qd7 (25... Ng5 {might work better.} 26. Re3 Qf7 27. Ne7+ Kf8) 26. Nf8 Bxf8 27. Qg6+ Bg7 28. Re3 Kf8 {[%emt 0:01:25] [#] Prevents Re8+} 29. Rf3+ (29. b4 $1 Nf4 30. Rf3 Qh3+ 31. Rxh3 Nxg6 32. bxc5 Bxc3 33. Rxc3 dxc5 34. Rh3) 29... Kg8 {[%emt 0:00:06] [#]} 30. b4 $1 Nf4 $2 (30... Ng5 31. Re3 Nf7 32. bxc5 Ne5 33. Qe6+ Qxe6 34. dxe6 Ng4) 31. Rxf4 {[%emt 0:03:01] White is clearly winning.} Qh3+ 32. Ke2 Nd7 33. Qe6+ Qxe6+ 34. dxe6 Nf6 35. Nd5 {[%emt 0:00:11] Weighted Error Value: White=0.48/Black=1.00  Mistake:       	White=1     	Black=6      Inaccurate:     	White=2     	Black=1      OK:         	White=8     	Black=4      Best:        	White=2     	Black=4      Strong:       	White=3     	---} 1-0